 Dungeon Crawl Stone Soup version 0.30.0-10-gfe55d96785 (webtiles) character file.

Game seed: 4385415369306752813

18 monsoonserge the Covered (level 3, 31/31 HPs)
             Began as a Meteoran Fighter on May 15, 2023.
             Was a Follower of Cheibriados.
             Quit the game on level 1 of the Dungeon.
             The game lasted 00:01:38 (283 turns).

monsoonserge the Covered (Meteoran Fighter)          Turns: 283, Time: 00:01:38

Health: 31/31      AC:  7    Str: 22    XL:     3   Next: 8%
Magic:  4/4        EV:  9    Int: 11    God:    Cheibriados [*.....]
Gold:   21         SH:  5    Dex: 15    Spells: 2/2 levels left

rFire   . . .        a - +0 flail
rCold   . . .        c - +0 buckler
rNeg    . . .        b - +0 scale mail
rPois   .            (no helmet)
rElec   .            (no cloak)
rCorr   .            (no gloves)
SInv    .            (no boots)
Will    .....        (no amulet) Stlth
                     (no ring)
HPRegen 0.25/turn    (no ring)
MPRegen 0.09/turn

%: no passive effects
@: glowing, very slow
A: sense surroundings 1, otherworldly, glowing, explore regen
a: Renounce Religion, Bend Time


You were on level 1 of the Dungeon.
You worshipped Cheibriados.
Cheibriados was aware of your devotion.
You visited 1 branch of the dungeon, and saw 2 of its levels.

You collected 21 gold pieces.

Inventory:

Hand Weapons
 a - a +0 flail (weapon)
Armour
 b - a +0 scale mail (worn)
 c - a +0 buckler (worn)
Potions
 d - a potion of might
 e - a potion of degeneration {unknown}


   Skills:
 + Level 3.5 Fighting
 + Level 3.1 Maces & Flails
 + Level 4.0 Armour
 + Level 3.9 Shields


You had 2 spell levels left.
You didn't know any spells.
Your spell library was empty.

Dungeon Overview and Level Annotations

Branches:
Dungeon (2/15) Zot: 1350

Altars:
Cheibriados

Shops:
D:1 *


Innate Abilities, Weirdness & Mutations

You passively map a small area around you.
You are easily found by Zot.
You glow in the dark.
You regain HP and MP as you explore.


Message History

The jackal is almost dead.
The jackal bites you but does no damage. x2
The jackal barely misses you.
You barely miss the jackal.
The jackal is severely wounded.
The jackal bites you but does no damage.
The jackal barely misses you.
The jackal bites you but does no damage. x2
You hit the jackal.
You kill the jackal!
You block the jackal's attack. The jackal bites you.
Your Armour skill increases to level 4!
You hit the jackal.
The jackal is moderately wounded.
The jackal bites you but does no damage. x2
You hit the jackal.
You kill the jackal!
The hobgoblin hits you.
You have reached level 3!
Your experience leads to an increase in your attributes!
Increase (S)trength, (I)ntelligence, or (D)exterity?
You feel stronger. x3
You sock the hobgoblin!
You kill the hobgoblin!
e - a fizzy purple potion
There are no items here.
Found 6 gold pieces.
Found a lumpy orange potion.
There is a faded altar of an unknown god here.
This altar belongs to (a) Fedhas, (b) Ashenzari or (c) Cheibriados, but you can't tell which.
Press the corresponding letter to learn more about a god, or press enter to convert or escape to cancel.
Okay, then.
There is a faded altar of an unknown god here.
This altar belongs to (a) Fedhas, (b) Ashenzari or (c) Cheibriados, but you can't tell which.
Press the corresponding letter to learn more about a god, or press enter to convert or escape to cancel.
Cheibriados accepts your prayer! Cheibriados welcomes you!
Cheibriados begins to support your attributes as your movement slows.
Cheibriados is now slowing the effects of poison on you.
You can now bend time to slow others.
Cheibriados raises the support of your attributes as your movement slows.
Are you sure you want to abandon this character and quit the game? (Confirm with "yes".)

...#.#.######.#.##### *
* ##.#.#........#.....#
...#,##........####.###
* ...#, +...............
, ...# #........####.#**
.#.# #######.......#
.#.# #####.8.⌠.8.####
.#.# ,, ................
.#.# ####..⌠.@.⌠.....
.#.#, ................ ,
##.#.#.######.8.⌠.8.....
##.#.....# #..$........
##.#.....# ##..........
##.#.....# #.#....!...
##.#.(...# #.#.######+
##.#.....# #.#.# ,
##.#.....# #. .# *


There were no monsters in sight!

Vanquished Creatures
  A dart slug (D:1)
  A ball python (D:1)
  A giant cockroach (D:1)
  2 goblins
  2 hobgoblins (D:1)
  2 jackals (D:1)
  2 bats (D:1)
  2 frilled lizards (D:1)
  A kobold (D:1)
  2 rats (D:1)
16 creatures vanquished.

Notes
Turn   | Place    | Note
-------+----------+-------------------------------------------
     0 | D:1      | monsoonserge the Meteoran Fighter began the quest for the
                  | Orb.
     0 | D:1      | Reached XP level 1. HP: 19/19 MP: 2/2
    43 | D:2      | Reached XP level 2. HP: 26/26 MP: 3/3
   243 | D:1      | Found Bikoyl's Assorted Antiques.
   257 | D:1      | Found a faded altar of an unknown god.
   267 | D:1      | Reached skill level 4 in Armour
   269 | D:1      | Reached XP level 3. HP: 30/31 MP: 4/4
   282 | D:1      | Prayed at the altar of an unknown god.
   282 | D:1      | Became a worshipper of Cheibriados the Contemplative
   282 | D:1      | Reached * piety under Cheibriados
   283 | D:1      | Quit the game

Illustrated notes

Levels and vault maps discovered:
D:1:      dreamdust_arrival_sigmund_warning, layout_basic, serial_shops, shop,
          hellmonk_ecumenical_altar_dog_temple
D:2:      layout_basic, basic_altar, minmay_misc_feat_cross, uniq_sigmund

Skill      XL: |  1  2 |
---------------+-------+-----
Maces & Flails | 3 |  3.1
Armour         | 4 |  4.0
Fighting       | |  3.5
Shields        | |  3.9

Action                     || total
---------------------------++-------
  Melee: Flail             ||    59
 Armour: Scale mail        ||    35
  Dodge: Dodged            ||    39
  Block: Buckler           ||    19
